 Dungeon Crawl Stone Soup version 0.18.1-50-g88ac8fd (webtiles) character file.

7184 Chiseanne the Protected (level 10, -1/89 (90) HPs)
             Began as a Minotaur Gladiator on Apr 26, 2017.
             Was an Initiate of Gozag.
             Slain by a four-headed hydra (6 damage)
             ... on level 1 of the Lair of Beasts.
             The game lasted 00:27:38 (9374 turns).

Chiseanne the Protected (Minotaur Gladiator)        Turns: 9374, Time: 00:27:39

HP:   -1/89 (90)    AC: 15    Str: 17    XL:     10   Next: 86%
MP:   15/15         EV: 17    Int: 11    God:    Gozag
Gold: 466           SH:  0    Dex: 15    Spells: 1 memorised, 16 levels left

rFire  . . .     SeeInvis +     a - +5 quarterstaff (chaos)
rCold  . . .     Gourm    .     j - +1 ring mail
rNeg   . . .     Faith    .     (shield currently unavailable)
rPois  .         Spirit   .     c - +2 hat
rElec  .         Dismiss  .     z - +2 cloak {+Inv}
rCorr  .         Reflect  .     d - +1 pair of gloves of Quantum Leap {Int+3}
SustAt .         Harm     .     (no boots)
MR     .....                    (no amulet)
Stlth  ++........               G - ring of Sihime {Str-3 Dex+4 Slay+5 SInv Stlth+}
                                i - +1 ring of evasion

@: gold aura, not resistant to hostile enchantments, unstealthy
A: retaliatory headbutt, horns 2
a: Potion Petition, Call Merchant, Bribe Branch, Renounce Religion, Evoke
Invisibility


You were on level 1 of the Lair of Beasts.
You worshipped Gozag.
Gozag was noncommittal.
You were not hungry.

You visited 3 branches of the dungeon, and saw 11 of its levels.
You also visited: Ossuary.

You collected 2266 gold pieces.
You spent 932 gold pieces at shops.
You paid 868 gold pieces to Gozag.

Inventory:

Hand Weapons
 a - a +5 quarterstaff of chaos (weapon)
 s - a +0 flail of venom
 F - a +0 blowgun
Missiles
 b - 282 stones
 g - 2 poisoned needles
 m - 157 arrows
 o - a tomahawk of dispersal
 t - 90 sling bullets
 u - 44 bolts
 I - 8 tomahawks of returning
 J - a throwing net (quivered)
 O - 7 curare-tipped needles
Armour
 c - a +2 hat (worn)
 d - the +1 pair of gloves of Quantum Leap (worn) {Int+3}
   (You bought it in a shop on level 5 of the Dungeon)

   It affects your intelligence (+3).
 j - a +1 ring mail (worn)
 z - a +2 cloak of invisibility (worn)
Jewellery
 i - a +1 ring of evasion (left hand)
 G - the ring of Sihime (right hand) {Str-3 Dex+4 Slay+5 SInv Stlth+}
   (You bought it in a shop on level 8 of the Dungeon)

   [ring of see invisible]

   It affects your strength (-3).
   It affects your dexterity (+4).
   It affects your accuracy and damage with ranged weapons and melee attacks
   (+5).
   It lets you see invisible.
   It makes you more stealthy.
Scrolls
 h - a scroll of remove curse
 n - a scroll of enchant armour
 p - 4 scrolls of teleportation
 y - a scroll of fog
 Q - a scroll of identify
Potions
 e - 2 potions of curing
 k - 2 potions of cure mutation
 l - 5 potions of brilliance
 q - 2 potions of flight
 v - 2 potions of agility
 x - a potion of ambrosia {unknown}
 A - a potion of berserk rage {unknown}
 B - a potion of experience {unknown}
 D - a potion of resistance {unknown}
 E - a potion of invisibility {unknown}
 H - a potion of might
 M - a potion of magic {unknown}
 N - a potion of mutation {unknown}
 P - a potion of heal wounds
Books
 w - a book of Geomancy

   Spells                             Type                      Level
   a - Sandblast                      Earth                        1
   b - Passwall                       Transmutation/Earth          2
   c - Stone Arrow                    Conjuration/Earth            3
   d - Petrify                        Transmutation/Earth          4
   e - Lee's Rapid Deconstruction     Earth                        5
 C - a book of Flames

   Spells                             Type                      Level
   a - Flame Tongue                   Conjuration/Fire             1
   b - Throw Flame                    Conjuration/Fire             2
   c - Conjure Flame                  Conjuration/Fire             3
   d - Inner Flame                    Hexes/Fire                   3
   e - Sticky Flame                   Conjuration/Fire             4
   f - Fireball                       Conjuration/Fire             5
 L - a book of Ice

   Spells                             Type                      Level
   a - Ice Form                       Ice/Transmutation            4
   b - Metabolic Englaciation         Hexes/Ice                    5
   c - Ozocubu's Refrigeration        Ice                          6
   d - Bolt of Cold                   Conjuration/Ice              6
   e - Freezing Cloud                 Conjuration/Ice/Air          6
   f - Simulacrum                     Ice/Necromancy               6
Comestibles
 f - 9 bread rations
 r - 2 meat rations
 K - 6 beef jerkies


   Skills:
 * Level 8.5 Fighting
   Level 6.1 Axes
 - Level 3.8 Staves
 - Level 2.0 Throwing
 * Level 9.3 Armour
 * Level 9.0 Dodging
 * Level 4.5 Spellcasting
 - Level 5.1 Transmutations
 * Level 1.3 Earth Magic


You had 16 spell levels left.
You knew the following spells:

 Your Spells              Type           Power        Failure   Level  Hunger
a - Passwall              Trmt/Erth      #.........   17%         2    ##.....


Dungeon Overview and Level Annotations

Branches:
Dungeon (9/15)             Temple (1/1) D:6            Lair (1/8) D:9
    Orc: D:9-12

Altars:
Ashenzari
Cheibriados
Dithmenos
Elyvilon
Fedhas
Gozag
Kikubaaqudgha
Makhleb
Nemelex Xobeh
Okawaru
Pakellas
Qazlal
Ru
Sif Muna
Trog
Vehumet
Xom
Yredelemnul
Zin
The Shining One

Shops:
D:5 *   D:8 =


Innate Abilities, Weirdness & Mutations

You reflexively headbutt those who attack you in melee.
You have a pair of horns on your head.


Message History

The four-headed hydra barely misses you. x2
The four-headed hydra bites you but does no damage.
You sock the four-headed hydra!
Your headbutt misses the four-headed hydra.
The four-headed hydra is almost dead.
The four-headed hydra bites you!
* * * LOW HITPOINT WARNING * * *
The four-headed hydra bites you!
* * * LOW HITPOINT WARNING * * *
The four-headed hydra bites you but does no damage.
The four-headed hydra completely misses you.
The four-headed hydra bites you!
* * * LOW HITPOINT WARNING * * *
The four-headed hydra bites you but does no damage. x3
You barely miss the four-headed hydra.
The four-headed hydra is severely wounded.
The four-headed hydra misses you. You furiously retaliate!
You headbutt the four-headed hydra! The four-headed hydra bites you.
You die...
Your body crumbles into a pile of gold.

##### ##...####
##.......#
##........#
#......#...#
#....Y#.@.$#
#.[#..#D##.## ## ##
#. #..##### ..
#..P#..#######
#..##............#
#.##.............###
..#.................
$
.##.#.............##
#...#............##


You could see a four-headed hydra.

Vanquished Creatures
  A hill giant (D:9)
  The ghost of Chiseanne the Chopper, a novice MiGl (D:7)
  An ugly thing (D:9)
  A troll (D:9)
  A two-headed ogre (D:8)
  Prince Ribbit (D:7)
  2 yaks (Lair:1)
  A hippogriff (D:8)
  A hungry ghost (D:8)
  A mottled dragon (D:9)
  3 wargs (D:9)
  2 water moccasins
  3 porcupines (Lair:1)
  An orc warrior (D:9)
  5 necrophages (D:8)
  4 ogres
  An ice beast (D:7)
  2 sky beasts
  5 centaurs
  2 crocodiles (Lair:1)
  A giant frog (D:7)
  Blork the orc (D:5)
  3 big kobolds (D:8)
  A gnoll sergeant (D:6)
  5 scorpions
  A wight (D:8)
  A centaur zombie (D:9)
  2 crimson imps (D:5)
  A jelly (D:8)
  Crazy Yiuf (D:6)
  2 giant frog zombies (D:8)
  2 hounds (D:7)
  3 orc priests
  4 orc wizards
  2 iguanas
  5 worker ants
  A killer bee zombie (D:8)
  2 big kobold zombies (Ossuary)
  3 mummies
  A worker ant zombie (D:8)
  6 gnolls
  6 adders
  A shadow imp (D:5)
  2 oozes
  An adder zombie (D:8)
  2 worms
  2 dart slugs (D:1)
  4 giant geckos
  25 orcs
  A bat zombie (D:4)
  A giant cockroach (D:2)
  9 goblins
  5 hobgoblins
  5 jackals
  2 quokkas
  2 ball pythons
  6 bats
  A giant gecko zombie (D:8)
  3 giant newts
  2 gnoll zombies (Ossuary)
  2 goblin zombies
  2 hobgoblin zombies (Ossuary)
  19 kobolds
  8 orc zombies
  6 rats
  2 rat zombies (D:4)
  A plant (D:9)
207 creatures vanquished.

Vanquished Creatures (others)
  The ghost of Chiseanne the Skirmisher, a novice OgHu (Ossuary)
1 creature vanquished.

Grand Total: 208 creatures vanquished

Notes
Turn   | Place    | Note
--------------------------------------------------------------
     0 | D:1      | Chiseanne the Minotaur Gladiator began the quest for the Orb.
     0 | D:1      | Reached XP level 1. HP: 18/18 MP: 0/0
   257 | D:1      | Reached skill level 1 in Armour
   271 | D:1      | Reached XP level 2. HP: 25/25 MP: 1/1
   516 | D:1      | Found a shattered altar of Ashenzari.
  1100 | D:2      | Reached XP level 3. HP: 31/31 MP: 2/2
  2062 | D:3      | Reached XP level 4. HP: 21/38 MP: 3/3
  2502 | D:4      | Reached skill level 5 in Axes
  2502 | D:4      | Reached XP level 5. HP: 33/46 MP: 4/4
  2605 | D:4      | Found an ancient bone altar of Kikubaaqudgha.
  3253 | D:5      | Entered Level 5 of the Dungeon
  3262 | D:5      | Reached XP level 6. HP: 27/52 MP: 5/5
  3421 | D:5      | Found Opofoc's Assorted Antiques.
  3425 | D:5      | Bought a scroll labeled POSOGG DIECA for 20 gold pieces
  3433 | D:5      | Noticed Blork the orc
  3447 | D:5      | Killed Blork the orc
  3547 | D:5      | Reached skill level 5 in Dodging
  3556 | D:5      | Found a shimmering altar of Xom.
  3576 | D:5      | Found a sacrificial altar of Ru.
  3597 | D:5      | Found a shattered altar of Ashenzari.
  3659 | D:5      | Reached XP level 7. HP: 56/60 MP: 6/6
  3667 | D:5      | Reached skill level 5 in Fighting
  3791 | D:5      | Learned a level 2 spell: Passwall
  3967 | D:5      | Found a white marble altar of Elyvilon.
  4333 | D:6      | Found a staircase to the Ecumenical Temple.
  4356 | Temple   | Entered the Ecumenical Temple
  4389 | Temple   | Became a worshipper of Gozag Ym Sagoz the Greedy
  4596 | D:6      | Reached skill level 1 in Transmutations
  4629 | D:6      | Reached skill level 1 in Spellcasting
  4800 | D:5      | Bought a pair of encrusted gloves for 190 gold pieces
  4805 | D:5      | Identified the +1 pair of gloves of Quantum Leap {Int+3} (You bought it in a shop on level 5 of the Dungeon)
  4942 | D:6      | Noticed Crazy Yiuf
  4952 | D:6      | Killed Crazy Yiuf
  5117 | D:6      | Found a bloodstained altar of Trog.
  5145 | D:6      | Reached skill level 5 in Armour
  5145 | D:6      | Reached XP level 8. HP: 37/69 MP: 8/8
  5317 | D:6      | Reached skill level 1 in Staves
  5550 | D:5      | Bought a scroll of identify for 40 gold pieces
  5550 | D:5      | Bought a fuming orange potion for 18 gold pieces
  5776 | D:7      | Found a deep blue altar of Sif Muna.
  5781 | D:7      | Found an iron altar of Okawaru.
  5785 | D:7      | Found a radiant altar of Vehumet.
  5840 | D:7      | Noticed Prince Ribbit
  5850 | D:7      | Killed Prince Ribbit
  6061 | D:7      | Found a sand-covered staircase.
  6067 | Ossuary  | Entered an ossuary
  6136 | Ossuary  | Noticed Chiseanne's ghost (novice OgHu)
  6148 | Ossuary  | Banished Chiseanne's ghost
  6246 | Ossuary  | Reached XP level 9. HP: 69/74 MP: 11/11
  6612 | D:7      | Noticed Chiseanne's ghost (novice MiGl)
  6931 | D:7      | Killed Chiseanne's ghost
  7059 | D:8      | Noticed a white ugly thing
  7602 | D:8      | Reached XP level 10. HP: 86/86 MP: 14/14
  7944 | D:8      | Bought the ring of Sihime {Str-3 Dex+4 Slay+5 SInv Stlth+} for 526 gold pieces
  8410 | D:5      | Bought a silvery potion for 18 gold pieces
  8410 | D:5      | Bought a potion of curing for 60 gold pieces
  8410 | D:5      | Bought a scroll of teleportation for 60 gold pieces
  8683 | D:9      | Found a staircase to the Lair.
  9027 | D:9      | Noticed a hill giant
  9040 | D:9      | Killed a hill giant
  9132 | D:9      | Killed a white ugly thing
  9132 | D:9      | Reached skill level 5 in Transmutations
  9244 | Lair:1   | Entered Level 1 of the Lair of Beasts
  9341 | Lair:1   | Noticed a four-headed hydra
  9361 | Lair:1   | Reached skill level 1 in Earth Magic
  9374 | Lair:1   | Slain by a four-headed hydra

Skill      XL: |  1  2  3  4  5  6  7  8  9 10 |
---------------+-------------------------------+-----
Armour         | 1 2 3 4 5 6 8 9 |  9.3
Axes           | 4 5 6 |  6.1
Fighting       | 3 4 5 7 8 |  8.5
Dodging        | 4 5 6 8 9 |  9.0
Transmutations | 1 3 4 5 |  5.1
Spellcasting   | 1 2 3 4 |  4.5
Staves         | 3 |  3.8
Earth Magic    | 1 |  1.3
Throwing       | |  2.0

Action                   |  1- 3 |  4- 6 |  7- 9 | 10-12 || total
-------------------------+-------+-------+-------+-------++-------
Melee: War axe           |    82 |     5 |       |       ||    87
       Headbutt          |     9 |    16 |    48 |    31 ||   104
       Dagger            |       |    74 |    57 |       ||   131
       Quarterstaff      |       |       |   200 |   138 ||   338
Throw: Throwing net      |       |     1 |     2 |       ||     3
 Cast: Passwall          |       |       |       |     2 ||     2
Invok: Call Merchant     |       |       |       |     1 ||     1
  Use: Scroll            |    11 |     8 |     7 |     2 ||    28
       Potion            |     1 |     2 |     2 |       ||     5
 Stab: Paralysed         |       |       |    11 |     3 ||    14
       Confused          |       |       |     1 |     1 ||     2
       Petrifying        |       |       |     1 |     1 ||     2
       Sleeping          |       |       |       |     3 ||     3
  Eat: Chunk             |     4 |     3 |     2 |       ||     9
       Fruit             |       |     2 |       |       ||     2
       Bread ration      |       |       |     2 |       ||     2
       Pizza             |       |       |     1 |     1 ||     2
       Meat ration       |       |       |     1 |       ||     1
       Beef jerky        |       |       |       |     1 ||     1
Armor: Leather armour    |     2 |       |       |       ||     2
       Ring mail         |    43 |    25 |    93 |    45 ||   206
Dodge: Dodged            |    59 |    45 |   190 |   107 ||   401
